AoeStats
← Obelix

Arena

507707771Analyzed
1v1 RM · 14d ago on Sep 19, 2026· 30m 48s· 2 players
Game mode
Random Map
Map size
Tiny (2 player)
Population
200
Speed
Normal
Resources
Standard
Victory
Conquest
Starting age
Dark Age
Ending age
Imperial Age
RankedLock teamsTeams togetherTeam positionsShared explorationLock speedFull tech treeHidden civsTurbo modeCheats
Victory
Defeat
🇨🇳 Bohemians · China
829
+16
🇦🇺 Bengalis · Australia
833
-42
2568730366
8:56 Feudal Age
15:19 Castle Age
16:49 Loom
30:28 Imperial Age
30:03 Wheelbarrow
30:46 Chemistry
Obelix
3:12 Loom
10:52 Feudal Age
20:18 Castle Age
18:26 Double-Bit Axe
18:29 Man-at-Arms
19:42 Fletching
19:56 Padded Archer Armor
19:51 Horse Collar
22:27 Scale Barding Armor
22:25 Scale Mail Armor
22:36 Forging
24:34 Bodkin Arrow
25:50 Husbandry
27:20 Chain Mail Armor
27:12 Heavy Plow
28:25 Stone Mining
29:18 Gold Mining
30:42 Leather Archer Armor
30:00 Elite Skirmisher
31:20 Bloodlines
Connection lost

Rejoining the realm…

Still unreachable

The connection could not be restored.

Session expired

The server has moved on; the page needs a fresh start.